 Dungeon Crawl Stone Soup version 0.10.4 character file.

316 Jannitor the Changer (level 5, 0/34 HPs)
             Began as a Sludge Elf Stalker on Aug 23, 2017.
             Killed by nerve-wracking pain
             ... invoked by Grinder
              (8 damage)
             ... on Level 3 of the Dungeon.
             The game lasted 00:09:53 (2563 turns).

Jannitor the Changer (Sludge Elf Stalker)           Turns: 2563, Time: 00:09:53

HP   0/34        AC  9     Str 10      XL: 5   Next: 92%
MP   3/10        EV 13     Int 15      God:
Gold 99          SH  0     Dex 15      Spells:  2 memorised,  6 levels left

Res.Fire  : . . .   See Invis. : .   a - +2 elf dagger {=f}
Res.Cold  : . . .   Warding    : . . o - +2 orc robe
Life Prot.: . . .   Conserve   : .   (no shield)
Res.Acid. : . . .   Res.Corr.  : .   p - +1 dwarf visored helmet
Res.Poison: .       Clarity    : .   c - +0 elf cloak
Res.Elec. : .       Spirit.Shd : .   (no gloves)
Sust.Abil.: . .     Stasis     : .   r - +2 pair of boots {run}
Res.Mut.  : .       Ctrl.Telep.: .   (no amulet)
Res.Rott. : .       Levitation : +   (no ring)
Saprovore : . . .   Ctrl.Flight: .   (no ring)

@: levitating, very slightly contaminated, hasted, very quick, slightly
resistant to hostile enchantments, quite stealthy
A: deformed body, Int +1, Dex -1
a: no special abilities


You were on level 3 of the Dungeon.
You were very hungry.

You visited 1 branch of the dungeon, and saw 3 of its levels.

You collected 79 gold pieces.

Inventory:

Hand weapons
 a - a +2,+2 elven dagger (weapon) {=f}
Armour
 b - a +0 elven robe
 c - a +0 elven cloak (worn)
 o - a +2 orcish robe (worn)
 p - a +1 dwarven visored helmet (worn)
 r - a +2 pair of boots of running (worn)
Comestibles
 f - 2 bread rations
 g - a banana
 j - a pear
 s - a meat ration
Scrolls
 h - 4 scrolls of identify {unknown}
 k - a scroll of remove curse {unknown}
 n - a scroll of blinking {unknown}
Potions
 e - 10 potions of confusion
 i - 3 potions of water
 m - a potion of poison
 q - a potion of levitation
Books
 d - a book of Stalking

   Spells                             Type                      Level
   *Fulsome Distillation              Transmutation/Necromancy     1
   *Evaporate                         Fire/Transmutation           2
   Passwall                           Transmutation/Earth          3
   Petrify                            Transmutation/Earth          4
   Dig                                Transmutation/Earth          4


   Skills:
 + Level 2.6 Fighting
 + Level 2.6 Short Blades
 - Level 2.4 Dodging
 + Level 4.5 Stealth
 - Level 3.0 Stabbing
 + Level 2.6 Spellcasting
 + Level 4.7 Transmutations


You had 6 spell levels left.
You knew the following spells:

 Your Spells              Type           Power        Failure   Level  Hunger
a - Fulsome Distillation  Trmt/Necr      N/A          10%         1    Sultana
b - Evaporate             Fire/Trmt      ##.....      12%         2    Choko

Dungeon Overview and Level Annotations

Branches:
Dungeon (3/27)

Altars:
Trog

Annotations
D:3 Grinder


Innate Abilities, Weirdness & Mutations

Your mind is acute (Int +1).
You are clumsy (Dex -1).
Armour fits poorly on your strangely shaped body.


Message History

Grinder is moderately wounded.
You hit Grinder.
Grinder is heavily wounded.
Grinder hits you but does no damage.
You closely miss Grinder.
Grinder is heavily wounded.
You hit Grinder.
Grinder is heavily wounded.
Grinder gestures at you. Pain shoots through your body!
* * * LOW HITPOINT WARNING * * *
You are too injured to fight blindly!
Unknown command.
Unknown command.
Unknown command.
You hit Grinder.
Grinder is heavily wounded.
Grinder gestures at you. Pain shoots through your body!
You die...

#.....# #.....#
#.....# #.....####
#....S...#
#.##.#.....
#.##.#.####
#.##.#.# #
#@##.#.# .#
#5##.#.####.## #
#.##.#........ .
#.........########
####.#.##.##....##
#.......'...>##
#......##......
#......####....
#......####....


You could see Grinder.

Vanquished Creatures
  Purgy (D:3)
  An orc priest (D:3)
  3 adders (D:3)
  An ooze (D:3)
  4 orcs (D:3)
  4 giant cockroaches
  10 hobgoblins
  6 kobolds
  9 bats
  2 giant newts (D:2)
  11 goblins
  9 rats
61 creatures vanquished.

Vanquished Creatures (others)
  A rat (D:1)
1 creature vanquished.

Grand Total: 62 creatures vanquished

Notes
Turn   | Place    | Note
--------------------------------------------------------------
     0 | D:1      | Jannitor, the Sludge Elf Stalker, began the quest for the Orb.
     0 | D:1      | Reached XP level 1. HP: 13/13 MP: 1/1
   110 | D:1      | Reached skill level 1 in Short Blades
   242 | D:1      | Reached skill level 3 in Transmutations
   242 | D:1      | Reached XP level 2. HP: 6/18 MP: 3/3
   917 | D:1      | Learned a level 2 spell: Evaporate
  1024 | D:1      | Reached XP level 3. HP: 21/23 MP: 2/4
  1868 | D:2      | Identified a +2 pair of boots of running (You found it on level 2 of the Dungeon)
  2033 | D:2      | Found a bloodstained altar of Trog.
  2180 | D:3      | Noticed Purgy
  2182 | D:3      | Reached skill level 4 in Transmutations
  2197 | D:3      | Killed Purgy
  2197 | D:3      | Reached XP level 4. HP: 25/29 MP: 4/7
  2197 | D:3      | Reached XP level 5. HP: 29/34 MP: 5/9
  2511 | D:3      | Noticed Grinder
  2540 | D:3      | Gained mutation: Your mind is acute (Int +1).
  2540 | D:3      | Gained mutation: You are clumsy (Dex -1).
  2540 | D:3      | Gained mutation: Armour fits poorly on your strangely shaped body.
  2547 | D:3      | Paralysed by Grinder for 3 turns
  2563 | D:3      | Killed from afar by Grinder
